 Dungeon Crawl Stone Soup version 0.31-a0-845-g9abc20d24f (webtiles) character file.

Game seed: 3946172895948592430

63 lunkers the Ruffian (level 4, -2/35 HPs)
             Began as a Meteoran Shapeshifter on Sept 29, 2023.
             Slain by a gnoll
             ... wielding a +0 spear
              (5 damage)
             ... on level 2 of the Dungeon on Oct 2, 2023.
             The game lasted 00:02:09 (794 turns).

lunkers the Ruffian (Meteoran Shapeshifter)          Turns: 794, Time: 00:02:09

Health: -2/35      AC:  5    Str: 16    XL:     4   Next: 56%
Magic:  5/5        EV: 11    Int: 11    God:
Gold:   64         SH:  0    Dex: 15    Spells: 3/3 levels left

rFire   . .          .
                       - Unarmed
rCold   . . .        (no shield)
rNeg    . . .        m - +0 ring mail
rPois   .            (helmet currently unavailable)
rElec   .            (cloak currently unavailable)
rCorr   .            (gloves currently unavailable)
SInv    .            (boots currently unavailable)
Will    .....        (no amulet)
Stlth   +            (no ring)
HPRegen 0.25/turn    (no ring)
MPRegen 0.09/turn

%: no passive effects
@: beast-form, glowing
A: beast (slay +2), sense surroundings 1, otherworldly, glowing, explore regen
a: Begin Untransformation


You were on level 2 of the Dungeon.
You were a hulking beast.
You visited 1 branch of the dungeon, and saw 2 of its levels.

You collected 64 gold pieces.

Inventory:

Armour
 a - a +0 animal skin
 m - a +0 ring mail (worn)
Talismans
 c - a beast talisman (active)
 d - a flux talisman
Wands
 n - a wand of paralysis (11)
Scrolls
 h - a scroll of blinking {unknown}
 i - a scroll of poison {unknown}
 j - a scroll of acquirement {unknown}
 l - a scroll of identify {unknown}
Potions
 b - a potion of lignification
 e - a potion of enlightenment {unknown}
 f - 2 potions of heal wounds {unknown}
 g - a potion of attraction {unknown}
 k - 3 potions of curing {unknown}


   Skills:
 - Level 1.1 Fighting
 - Level 2.1 Dodging
 * Level 5.2 Unarmed Combat
 + Level 4.3 Shapeshifting


You had 3 spell levels left.
You didn't know any spells.
Your spell library contained the following spells:

 Spells                   Type           Power      Damage    Failure   Level
 Apportation              Tloc           0%         N/A       56%         1
 Jinxbite                 Hex            0%         N/A       71%         2
 Alistair's Intoxication  Tmut/Pois      0%         N/A       100%        5


Dungeon Overview and Level Annotations

Branches:
Dungeon (2/15) Zot: 413

Altars:


Innate Abilities, Weirdness & Mutations

You are a hulking beast.
Your limbs bulge with bestial killing power. (Slay +2)
You passively map a small area around you.
You are easily found by Zot.
You glow in the dark.
You regain HP and MP as you explore.


Message History

a +0 short sword; 5 gold pieces A gnoll comes into view.
It is wielding a +0 halberd.
You see here a ball python corpse.
A gnoll comes into view. It is wielding a +0 halberd.
The gnoll shouts!
You hit the rat.
You kill the rat!
You hear a shout!
The gnoll barely misses you. The gnoll barely misses you.
You see here a rat corpse.
You hit the gnoll.
The gnoll is lightly wounded.
The gnoll hits you with a +0 spear.
The gnoll hits you from afar with a +0 halberd.
You hit the gnoll but do no damage.
The gnoll is lightly wounded.
The gnoll completely misses you. The gnoll barely misses you.
You hit the gnoll but do no damage.
The gnoll is lightly wounded.
The gnoll hits you from afar with a +0 halberd.
The gnoll barely misses you.
You hit the gnoll.
The gnoll is moderately wounded.
The gnoll hits you from afar with a +0 halberd.
The gnoll hits you with a +0 spear.
Okay, then.
You closely miss the gnoll.
The gnoll is moderately wounded.
The gnoll hits you from afar with a +0 halberd!
* * * LOW HITPOINT WARNING * * *
The gnoll barely misses you.
You hit the gnoll.
The gnoll is severely wounded.
The gnoll hits you from afar with a +0 halberd.
* * * LOW HITPOINT WARNING * * *
The gnoll hits you with a +0 spear.
* * * LOW HITPOINT WARNING * * *
The gnoll hits you from afar with a +0 spear.
You die...

#######* #.....! ########
#...... #..)...# #####
#......####......#######....
.......ggg†.................
#.......)##h.....#######....
.........g..................
#........######..#######....
#......### * ##.# #....
#......,, , #.# ####....
#...r.. , *###.####.......
#...g.. , .....#...##....
#####..,, .........###.## ,
, , .........###.##


You could see 4 gnolls.

Vanquished Creatures
  2 adders (D:2)
  2 dart slugs (D:1)
  3 ball pythons
  4 endoplasms (D:1)
  2 giant cockroaches
  A goblin (D:1)
  5 hobgoblins
  2 quokkas (D:1)
  3 bats
  A frilled lizard (D:2)
  9 kobolds
  7 rats
41 creatures vanquished.

Notes
Turn   | Place    | Note
-------+----------+-------------------------------------------
     0 | D:1      | lunkers the Meteoran Shapeshifter began the quest for the
                  | Orb.
     0 | D:1      | Reached XP level 1. HP: 16/16 MP: 2/2
    37 | D:1      | Reached skill level 4 in Unarmed Combat
    37 | D:1      | Reached XP level 2. HP: 2/23 MP: 3/3
   147 | D:1      | Reached XP level 3. HP: 27/28 MP: 4/4
   504 | D:1      | Glimpsed the power of Zot.
   550 | D:2      | Upgraded the game from 0.31-a0-844-gdc52ec4e09 to
                  | 0.31-a0-845-g9abc20d24f
   608 | D:2      | Reached XP level 4. HP: 30/35 MP: 5/5
   676 | D:2      | Reached skill level 5 in Unarmed Combat
   794 | D:2      | Slain by a gnoll

Illustrated notes

Levels and vault maps discovered:
D:1:      minmay_arrival_checkered_box, layout_loops_ring,
          minmay_small_reverse_x
D:2:      layout_basic

Skill      XL: |  1  2  3  4 |
---------------+-------------+-----
Unarmed Combat | 4 5 |  5.2
Shapeshifting  | 4 |  4.3
Fighting       | |  1.1
Dodging        | |  2.1

Action                     |  1- 3 |  4- 6 || total
---------------------------+-------+-------++-------
  Melee: Unarmed           |    62 |    40 ||   102
         Punch             |     3 |       ||     3
 Armour: Animal skin       |    25 |       ||    25
         Ring mail         |     5 |    24 ||    29
  Dodge: Dodged            |    25 |    26 ||    51

Table legend: (Time is in decaauts)
 A = Elapsed time spent in this place.
 B = Non-inter-level travel time spent in this place.
 C = Inter-level travel time spent in this place.
 D = Time resting spent in this place.
 E = Time spent auto-exploring this place.
 F = Levels seen in this place.
 G = Mean time per level.
                   A        B        C        D        E       F      G
               +--------+--------+--------+--------+--------+-----+--------+
         Total |    785 |    741 |     44 |      0 |    509 |   2 |  392.5 |
       Dungeon |    785 |    741 |     44 |      0 |    509 |   2 |  392.5 |
               +--------+--------+--------+--------+--------+-----+--------+

Top non-repeatable levels by time:
     D:1: 544 daAuts
     D:2: 240 daAuts
